 Dungeon Crawl Stone Soup version 0.24-a0-29-g43a6aff (console) character file.

Game seed: 14338557356065031468

144 Duffy the Chopper (level 5, -1/45 HPs)
             Began as a Naga Gladiator on Feb 2, 2019.
             Slain by a bullfrog skeleton (5 damage)
             ... on level 4 of the Dungeon.
             The game lasted 00:02:01 (1065 turns).

Duffy the Chopper (Naga Gladiator)                  Turns: 1065, Time: 00:02:02

Health: -1/45      AC:  4    Str: 17    XL:     5   Next: 26%
Magic:  5/5        EV: 10    Int:  9    God:
Gold:   93         SH:  0    Dex: 17    Spells: 4/4 levels left

rFire    . . .     SeeInvis +   b - +1 hand axe (venom)
rCold    . . .     Gourm    .   (no shield)
rNeg     . . .     Faith    .   e - +0 leather armour
rPois    +         Spirit   .   c - +0 helmet
rElec    .         Reflect  .   (no cloak)
rCorr    .         Harm     .   (no gloves)
MR       .....                  (no barding)
Stlth    +.........             (no amulet)
HPRegen  0.15/turn              l - +5 ring of dexterity
MPRegen  0.09/turn              (no ring)

@: very slow
A: large, see invisible, deformed body, poison resistance, slowness 2, slow
metabolism 1, spit poison 1, AC +1
a: Spit Poison


You were on level 4 of the Dungeon.
You were not hungry.

You visited 1 branch of the dungeon, and saw 4 of its levels.
You also visited: Sewer.

You collected 93 gold pieces.

Inventory:

Hand Weapons
 a - a +0 war axe
 b - a +1 hand axe of venom (weapon)
Missiles
 d - 3 throwing nets (quivered)
Armour
 c - a +0 helmet (worn)
 e - a +0 leather armour (worn)
Jewellery
 l - a +5 ring of dexterity (left hand)
Scrolls
 g - 2 scrolls of amnesia {unknown}
 i - 2 scrolls of remove curse {unknown}
 j - a scroll of enchant weapon {unknown}
Potions
 h - a potion of magic {unknown}
 k - 2 potions of heal wounds {unknown}
 m - a potion of brilliance {unknown}
Comestibles
 f - a ration


   Skills:
 - Level 2.0 Fighting
 + Level 5.8 Axes
 - Level 1.7 Throwing
 - Level 2.4 Dodging


You had 4 spell levels left.
You didn't know any spells.
Your spell library was empty.

Dungeon Overview and Level Annotations

Branches:
Dungeon (4/15)
 Temple: D:4-7

Altars:
Xom
The Shining One

Annotations:
D:4 Menkaure


Innate Abilities, Weirdness & Mutations

You cannot wear boots.
Your serpentine skin is tough. (AC +1)
You have supernaturally acute eyesight. (SInv)
Armour fits poorly on your strangely shaped body.
Your system is resistant to poisons. (rPois)
You cover ground very slowly.
You have a slow metabolism.
You can spit poison.


Message History

The bullfrog skeleton hits you but does no damage.
Menkaure giggles, "These cerements are ticklish..."
Menkaure mumbles some strange words.
Menkaure seems to speed up.
The bullfrog skeleton misses you. The bullfrog skeleton hits you.
You see here a +0 club.
The bullfrog skeleton hits you but does no damage.
Things that are here:
a +0 dagger; a +1 robe of positive energy; an orc corpse The bullfrog skeleton misses you.
The bullfrog skeleton barely misses you.
Menkaure calls on the powers of darkness!
The orc convulses!
Your body is wracked with pain!
The bullfrog skeleton hits you. The bullfrog skeleton hits you.
The bullfrog skeleton hits you. The bullfrog skeleton hits you.
The bullfrog skeleton hits you. The bullfrog skeleton hits you.
You die...

#.###.##.##..##..
#. #.##.###..#.#
#. #.##.# ##.#.###
.. ..##.# #.....#
#. ####.# ###)#.#
#. #.# #)M#o# #.
#.## #.##M#
#..####.##...Z....
#@#.oM.###.._...#
#Z#.#### ..8...#
#.o.# .._...#
#..## ....... ####
......# #######


You could see an orc and a bullfrog skeleton.

Vanquished Creatures
  A crocodile (Sewer)
  An orc wizard (D:4)
  An adder (D:3)
  An adder zombie (D:4)
  2 orcs
  4 bats
  4 goblins (D:4)
  4 hobgoblins (D:4)
  4 jackals
  3 ball pythons (D:3)
  3 kobolds (Sewer)
  4 rats (D:3)
32 creatures vanquished.

Notes
Turn   | Place    | Note
-------+----------+-------------------------------------------
     0 | D:1      | Duffy the Naga Gladiator began the quest for the Orb.
     0 | D:1      | Reached XP level 1. HP: 19/19 MP: 1/1
   107 | D:3      | Reached XP level 2. HP: 7/26 MP: 2/2
   258 | D:3      | Found a glowing drain.
   263 | D:3      | Reached skill level 4 in Axes
   273 | Sewer    | Entered a sewer
   347 | Sewer    | Reached XP level 3. HP: 32/32 MP: 3/3
   430 | Sewer    | Noticed a crocodile
   439 | Sewer    | Killed a crocodile
   439 | Sewer    | Reached skill level 5 in Axes
   439 | Sewer    | Reached XP level 4. HP: 6/39 MP: 4/4
  1046 | D:4      | Reached XP level 5. HP: 45/45 MP: 5/5
  1050 | D:4      | Found a shimmering altar of Xom.
  1050 | D:4      | Noticed Menkaure
  1051 | D:4      | Found a glowing golden altar of the Shining One.
  1065 | D:4      | Slain by a bullfrog skeleton

Vault maps used:
D:1:      dpeg_arrival_rooms_with_view, ashenzari_altar_1
D:2:      eat_drink_and_be_merry_uskayaw, first_ration
D:3:      minmay_wonky_spiral, grunt_qazlal_clouds, portal_sewer_entry_b,
          xom_teletrap_fun
D:4:      cheibrodos_greedy_goblins, yredelemnul_forgotten_temple_becter,
          chequers_temple_overflow_statue_of_worship,
          minmay_temple_entry_arrows, serial_shops, shop, uniq_menkaure
Sewer:    sewer_the_crocodile

Skill      XL: |  1  2  3 |
---------------+----------+-----
Axes           | 4 5 |  5.8
Fighting       | |  2.0
Throwing       | |  1.7
Dodging        | |  2.4

Action                   |  1- 3 |  4- 6 || total
-------------------------+-------+-------++-------
Melee: War axe           |    16 |     4 ||    20
       Hand axe          |    26 |    19 ||    45
Throw: Throwing net      |     2 |       ||     2
 Abil: Spit Poison       |     6 |       ||     6
 Stab: Held in net/web   |     1 |       ||     1
Armor: Leather armour    |    35 |     5 ||    40
Dodge: Dodged            |    52 |    17 ||    69

Table legend:
 A = Non-vault XP
 B = Vault XP
 C = Vault XP percentage of total XP
 D = Non-vault monster count
 E = Vault monster count
 F = Vault count percentage of total count
                 A         B        C        D         E       F
            +---------+---------+-------+---------+---------+-------
      Total |      59 |     147 |  71.4 |      10 |      22 |  68.8
            +---------+---------+-------+---------+---------+-------
        D:2 |       2 |       0 |   0.0 |       1 |       0 |   0.0
        D:3 |       9 |      22 |  71.0 |       6 |       8 |  57.1
        D:4 |      48 |      16 |  25.0 |       3 |       8 |  72.7
      Sewer |       0 |     109 | 100.0 |       0 |       6 | 100.0
            +---------+---------+-------+---------+---------+-------
